AoeStats
← FredoLeBeau

Arena

508917334Analyzed
4v4 RM · 9d ago on Sep 24, 2026· 47m 25s· 8 players
Game mode
Random Map
Map size
Large (8 player)
Population
200
Speed
Normal
Resources
Standard
Victory
Conquest
Starting age
Dark Age
Ending age
Imperial Age
RankedLock teamsTeams togetherTeam positionsShared explorationLock speedFull tech treeHidden civsTurbo modeCheats
Victory
Defeat
🇨🇦 Bohemians · Canada
1045
+15
🇺🇸 Slavs · United States
1019
+16
🇦🇷 Celts · Argentina
991
+17
🇬🇧 Britons · United Kingdom
981
+17
🇹🇷 Poles · Türkiye
1067
-18
🇦🇷 Danes · Argentina
1038
-17
🇨🇳 Spanish · China
998
-16
🇹🇷 Italians · Türkiye
959
-14
bjharris17
12:06 Feudal Age
16:13 Castle Age
14:31 Horse Collar
15:50 Scale Mail Armor
17:22 Double-Bit Axe
18:31 Pikeman
19:43 Loom
20:38 Forging
23:36 Wheelbarrow
25:57 Chain Mail Armor
25:44 Heavy Plow
28:10 Hand Cart
32:13 Imperial Age
32:17 Bloodlines
34:02 Iron Casting
33:33 Scale Barding Armor
33:18 Light Cavalry
34:10 Onager
36:08 Hussar
36:42 Fletching
36:53 Padded Archer Armor
37:57 Siege Engineers
41:26 Capped Ram
45:14 Siege Onager
FredoLeBeau
10:58 Feudal Age
12:08 Loom
12:12 Double-Bit Axe
13:12 Horse Collar
15:38 Castle Age
14:09 Man-at-Arms
15:32 Scale Mail Armor
15:42 Forging
16:38 Long Swordsman
24:10 Chain Mail Armor
27:58 Wheelbarrow
27:38 Bow Saw
27:29 Heavy Plow
28:07 Iron Casting
30:08 Fletching
33:07 Imperial Age
32:13 Ballistics
32:55 Chemistry
35:34 Hand Cart
36:24 Two-Man Saw
35:31 Houfnice
35:45 Two-Handed Swordsman
38:59 Blast Furnace
38:05 Scale Barding Armor
38:35 Plate Mail Armor
38:29 Town Watch
39:50 Siege Engineers
39:43 Pikeman
40:31 Squires
41:21 Bodkin Arrow
41:06 Halberdier
42:16 Town Patrol
42:26 Wagenburg Tactics
[ESTG] Daupoch
5:33 Loom
12:05 Feudal Age
16:01 Castle Age
14:29 Horse Collar
14:58 Double-Bit Axe
26:04 Wheelbarrow
25:22 Gold Mining
26:11 Bow Saw
26:56 Fortified Wall
26:43 Murder Holes
26:58 Masonry
31:17 Imperial Age
29:05 Hand Cart
29:34 Scale Mail Armor
29:53 Heavy Plow
30:31 Gold Shaft Mining
31:54 Chain Mail Armor
31:34 Gambesons
31:38 Arson
31:15 Man-at-Arms
32:28 Forging
32:51 Conscription
32:01 Long Swordsman
33:16 Two-Handed Swordsman
35:14 Plate Mail Armor
35:20 Iron Casting
34:10 Champion
40:33 Blast Furnace
41:17 Ballistics
41:58 Chemistry
41:05 Siege Engineers
Donelson
4:58 Loom
10:32 Feudal Age
15:40 Castle Age
14:48 Double-Bit Axe
14:48 Horse Collar
17:23 Bow Saw
19:27 Ballistics
19:18 Fletching
21:20 Bodkin Arrow
21:44 Crossbowman
28:13 Padded Archer Armor
28:51 Wheelbarrow
28:19 Heavy Plow
28:41 Town Watch
32:32 Imperial Age
33:45 Yeomen
34:25 Leather Archer Armor
34:39 Arbalester
36:39 Bracer
40:55 Ring Archer Armor
41:28 Chemistry
King of Negev
3:29 Loom
10:21 Feudal Age
11:02 Horse Collar
16:33 Castle Age
14:56 Double-Bit Axe
20:41 Bow Saw
20:38 Heavy Plow
23:38 Gold Mining
24:42 Town Watch
26:02 Wheelbarrow
26:02 Elite Skirmisher
28:06 Fletching
28:17 Padded Archer Armor
31:41 Imperial Age
30:16 Bodkin Arrow
30:36 Leather Archer Armor
30:42 Leather Archer Armor
32:17 Hand Cart
32:29 Ballistics
33:31 Two-Man Saw
33:42 Crop Rotation
34:23 Chemistry
33:52 Conscription
34:05 Silk Road
34:09 Conscription
33:58 Caravan
35:10 Stone Mining
34:54 Elite Genoese Crossbowman
36:41 Thumb Ring
36:48 Bracer
37:19 Ring Archer Armor
38:46 Hoardings
40:08 Forging
40:04 Scale Barding Armor
43:14 Iron Casting
43:00 Chain Barding Armor
464905725
13:45 Feudal Age
15:32 Double-Bit Axe
19:21 Castle Age
18:21 Horse Collar
20:44 Bow Saw
21:28 Heavy Plow
27:54 Caravan
29:22 Loom
30:48 Padded Archer Armor
34:47 Imperial Age
33:09 Ballistics
33:46 Gold Mining
33:46 Stone Mining
34:19 Scale Barding Armor
34:25 Forging
34:31 Leather Archer Armor
35:37 Stone Shaft Mining
35:11 Husbandry
36:21 Wheelbarrow
36:03 Bloodlines
35:17 Cavalier
37:01 Iron Casting
36:47 Chain Barding Armor
37:34 Elite Conquistador
38:12 Paladin
40:58 Blast Furnace
40:34 Plate Barding Armor
40:30 Ring Archer Armor
squail021928
10:35 Feudal Age
11:53 Double-Bit Axe
12:18 Horse Collar
14:44 Castle Age
16:18 Bow Saw
16:50 Heavy Plow
17:36 Loom
20:39 Wheelbarrow
30:21 Imperial Age
29:39 Forging
29:30 Scale Mail Armor
32:53 Siege Engineers
34:08 Chemistry
34:25 Iron Casting
34:06 Chain Mail Armor
33:40 Onager
34:24 Gold Mining
34:48 Masonry
34:57 Squires
36:57 Blast Furnace
37:22 Heavy Scorpion
38:52 Murder Holes
40:07 Plate Mail Armor
winter is coming
9:35 Loom
11:23 Feudal Age
11:27 Feudal Age
15:49 Castle Age
13:50 Horse Collar
13:57 Double-Bit Axe
15:33 Wheelbarrow
17:59 Heavy Plow
30:15 Scale Mail Armor
34:59 Imperial Age
32:37 Scale Barding Armor
32:31 Gold Mining
33:32 Forging
34:41 Chain Barding Armor
35:02 Husbandry
35:13 Bloodlines
38:16 Cavalier
40:06 Szlachta Privileges
Connection lost

Rejoining the realm…

Still unreachable

The connection could not be restored.

Session expired

The server has moved on; the page needs a fresh start.